 Dungeon Crawl Stone Soup version 0.27-a0-720-g3f424a255b (webtiles) character file.

Game seed: 6484277512657388489

2 PentaManta the Ducker (level 1, -2/11 HPs)
             Began as a Spriggan Abyssal Knight on Mar 23, 2021.
             Was an Initiate of Lugonu.
             Slain by a hobgoblin (7 damage)
             ... on level 1 of the Dungeon.
             The game lasted 00:01:01 (120 turns).

PentaManta the Ducker (Spriggan Abyssal Knight)      Turns: 120, Time: 00:01:01

Health: -2/11      AC:  2    Str:  8    XL:     1   Next: 25%
Magic:  3/3        EV: 17    Int: 13    God:    Lugonu [......]
Gold:   0          SH:  0    Dex: 14    Spells: 0/0 levels left

rFire    . . .     SeeInvis +   a - +1 short sword
rCold    . . .     Faith    .   (shield restricted)
rNeg     . . .     Spirit   .   b - +0 robe
rPois    .         Reflect  .   (helmet restricted)
rElec    .         Harm     .   (no cloak)
rCorr    .         Rampage  .   (gloves unavailable)
Will     .....                  (boots unavailable)
Stlth    ++........             (no amulet)
HPRegen  0.03/turn              (no ring)
MPRegen  0.08/turn              (no ring)

@: very quick
A: very small, no large weapons, unfitting armour, see invisible, speed 3
a: Renounce Religion


You were on level 1 of the Dungeon.
You worshipped Lugonu.
Lugonu was noncommittal.
You visited 1 branch of the dungeon, and saw 1 of its levels.
You visited the Abyss 1 time.

Inventory:

Hand Weapons
 a - a +1 short sword (weapon)
Armour
 b - a +0 robe (worn)
Wands
 c - a wand of charming (6) (quivered)


   Skills:
 + Level 2.4 Fighting
 - Level 2.1 Short Blades
 + Level 3.2 Dodging
 * Level 0.7 Stealth
 - Level 1.7 Invocations


You couldn't memorise any spells.
You didn't know any spells.
Your spell library was empty.

Dungeon Overview and Level Annotations

Branches:
Dungeon (1/15)

Altars:


Innate Abilities, Weirdness & Mutations

You are very small and have problems with some larger weapons.
You are too small for most types of armour.
You have supernaturally acute eyesight. (SInv)
You cover ground extremely quickly. (Speed+++)


Message History

No target in view!
No target in view!
You see here a hobgoblin corpse.
You open the door.
There is an open door here.
A ball python comes into view.
A ball python is nearby!
A ball python is nearby!
A ball python is nearby!
A ball python is nearby!
A ball python is nearby!
A hobgoblin comes into view.
The hobgoblin shouts!
The ball python bites you. The ball python completely misses you.
You closely miss the ball python. The ball python barely misses you.
The ball python closely misses you.
You hit the ball python.
The ball python is severely wounded.
The ball python misses you. The ball python barely misses you.
You hit the ball python.
You kill the ball python!
Lugonu accepts your kill.
You see here a ball python corpse.
You closely miss the hobgoblin. The hobgoblin hits you.
You are too injured to fight recklessly!
You are too injured to fight recklessly!
You are too injured to fight recklessly!
You are too injured to fight recklessly!
There is an open door here.
You close the door.
You start resting.
A hobgoblin opens the door.
The hobgoblin barely misses you.
There is an open door here.
You closely miss the hobgoblin. The hobgoblin closely misses you.
You hit the hobgoblin.
The hobgoblin is severely wounded.
The hobgoblin hits you!
Ouch! That really hurt!
You die...

.....#+####.# #........#####
...#+# #.# #............. .###
#.########......†......
†##########.##..........##.......
.............+..........##.......
######..###.##..........##.......
##.#...##..........##.......
#.#.#.##...g......##.......
#........#@#########.......
#.....##.#.# ########
#......#.#.# #.#....#.#.#
#.#....#.#.# #.#......#.#
#.#...####.# #.#.... #.# #.#


You could see a hobgoblin.

Vanquished Creatures
  A hobgoblin (D:1)
  A ball python (D:1)
2 creatures vanquished.

Notes
Turn   | Place    | Note
-------+----------+-------------------------------------------
     0 | Abyss:1  | PentaManta the Spriggan Abyssal Knight began the quest for
                  | the Orb.
     0 | Abyss:1  | Reached XP level 1. HP: 11/11 MP: 3/3
     7 | Abyss:2  | Found a corrupted altar of Lugonu.
    23 | Abyss:3  | Noticed a thrashing horror
    23 | Abyss:3  | Noticed a thrashing horror
    35 | D:1      | Escaped the Abyss
   120 | D:1      | Slain by a hobgoblin

Illustrated notes

Levels and vault maps discovered:
D:1:      dpeg_arrival_short_road, layout_basic

Action                   || total
-------------------------++-------
Melee: Short sword       ||     9
Invok: Depart the Abyss  ||     1
Dodge: Dodged            ||     9

Table legend: (Time is in decaauts)
 A = Elapsed time spent in this place.
 B = Non-inter-level travel time spent in this place.
 C = Inter-level travel time spent in this place.
 D = Time resting spent in this place.
 E = Time spent auto-exploring this place.
 F = Levels seen in this place.
 G = Mean time per level.
                   A        B        C        D        E       F      G
               +--------+--------+--------+--------+--------+-----+--------+
         Total |     89 |     89 |      0 |      4 |     35 |   4 |   22.2 |
       Dungeon |     61 |     61 |      0 |      4 |     35 |   1 |   61.0 |
         Abyss |     27 |     27 |      0 |      0 |      0 |   3 |    9.0 |
               +--------+--------+--------+--------+--------+-----+--------+

Top non-repeatable levels by time:
     D:1: 61 daAuts
 Abyss:2: 10 daAuts
 Abyss:3: 9 daAuts
 Abyss:1: 7 daAuts
